 Dungeon Crawl Stone Soup version 0.22-a0-858-g985ef60 (webtiles) character file.

60 prawnwizard the Poker (level 4, -1/37 HPs)
             Began as a Merfolk Monk on July 27, 2018.
             Slain by an iguana (11 damage)
             ... on level 2 of the Dungeon.
             The game lasted 00:02:01 (1230 turns).

prawnwizard the Poker (Merfolk Monk)                Turns: 1230, Time: 00:02:02

Health: -1/37      AC:  2    Str: 12    XL:     4   Next: 4%
Magic:  4/4        EV: 15    Int:  9    God:
Gold:   34         SH:  0    Dex: 16    Spells: 3/3 levels left

rFire    . . .     SeeInvis .   a - +0 spear
rCold    . . .     Gourm    .   (no shield)
rNeg     . . .     Faith    .   b - +0 robe
rPois    .         Spirit   .   (no helmet)
rElec    .         Reflect  .   (no cloak)
rCorr    .         Harm     .   (no gloves)
MR       .....                  (no boots)
Stlth    ++........             (no amulet)
HPRegen  0.12/turn              (no ring)
MPRegen  0.09/turn              (no ring)

@: no status effects
A: change form in water, swift swim, stealthy swim
a: no special abilities


You were on level 2 of the Dungeon.
You were not hungry.

You visited 1 branch of the dungeon, and saw 2 of its levels.

You collected 34 gold pieces.

Inventory:

Hand Weapons
 a - a +0 spear (weapon)
Armour
 b - a +0 robe (worn)
Scrolls
 e - a scroll of magic mapping {unknown}
 g - a scroll of remove curse {unknown}
Potions
 f - 2 potions of heal wounds {unknown}
 h - a potion of curing {unknown}
Comestibles
 c - 3 rations
 d - 2 chunks of flesh


   Skills:
 + Level 3.8 Fighting
 * Level 5.9 Polearms
 + Level 4.6 Dodging
 - Level 2.1 Stealth


You had 3 spell levels left.
You didn't know any spells.
Your spell library was empty.

Dungeon Overview and Level Annotations

Branches:
Dungeon (2/15)

Altars:


Message History

The iguana is moderately wounded.
The iguana bites you but does no damage.
You barely miss the iguana.
The iguana is moderately wounded.
The jackal misses you. The iguana misses you.
You hit the iguana but do no damage.
The iguana is moderately wounded.
The jackal bites you.
* * * LOW HITPOINT WARNING * * *
The iguana closely misses you.
You barely miss the iguana.
The iguana is moderately wounded.
The jackal closely misses you. The jackal completely misses you.
You hit the iguana but do no damage.
The iguana is moderately wounded.
The iguana barely misses you. The jackal closely misses you.
You barely miss the iguana.
The iguana is moderately wounded.
The iguana bites you!
You die...

#.# #.# #...# (.##
###.#.# #..##
###...#.#####
§..§###...........#
§.§§..............#
§§§......8........#
§§§§#.............#
..§...÷...).....@h##
......÷(.#...####lh#
# ##§#(....#####
##>## >.#
#.#.##..###
#..####..# #.#.
##...## ##...(..###
..#. #.#..##
##.......# #.
#.....#
#.....#.###.#
###.#.###.#P....#
#.....#.#.P...#


You could see an iguana and 2 jackals.

Vanquished Creatures
  A hound zombie (D:2)
  An adder (D:1)
  An ooze (D:1)
  A leopard gecko (D:1)
  7 bats
  A giant cockroach (D:1)
  3 goblins
  4 hobgoblins
  A jackal (D:2)
  A ball python (D:2)
  4 kobolds
  2 leopard gecko skeletons (D:2)
  4 rats
31 creatures vanquished.

Notes
Turn   | Place    | Note
-------+----------+-------------------------------------------
     0 | D:1      | prawnwizard the Merfolk Monk began the quest for the Orb.
     0 | D:1      | Reached XP level 1. HP: 18/18 MP: 1/1
   242 | D:1      | Reached XP level 2. HP: 22/24 MP: 2/2
   274 | D:1      | Reached skill level 5 in Polearms
   782 | D:2      | Reached XP level 3. HP: 29/29 MP: 3/3
  1166 | D:2      | Reached XP level 4. HP: 34/37 MP: 4/4
  1230 | D:2      | Slain by an iguana

Vault maps used:
D:1:      dpeg_arrival_shrine, minmay_misc_feat_pillars, corexii_hall_statues_i,
          lemuel_another_geyser
D:2:      lemuel_crystal_altar, serial_undead, serial_undead_c, serial_undead_e,
          serial_undead_d, serial_undead_a, first_ration

Skill      XL: |  1  2 |
---------------+-------+-----
Polearms       | 5 |  5.9
Fighting       | |  3.8
Dodging        | |  4.6
Stealth        | |  2.1

Action                   |  1- 3 |  4- 6 || total
-------------------------+-------+-------++-------
Melee: Spear             |   118 |    28 ||   146
 Stab: Sleeping          |     9 |       ||     9
  Eat: Chunk             |     1 |       ||     1
Armor: Robe              |    12 |     4 ||    16
Dodge: Dodged            |    61 |    41 ||   102

Table legend:
 A = Spawn XP
 B = Non-spawn XP
 C = Spawn XP percentage of total XP
 D = Spawn monster count
 E = Non-spawn monster count
 F = Spawn count percentage of total count
 G = Total turns spent on level
                    A         B        C        D         E        F      G
               +---------+---------+-------+---------+---------+-------+---------
         Total |       0 |      86 |   0.0 |       0 |      31 |   0.0 |  1230
               +---------+---------+-------+---------+---------+-------+---------
           D:1 |       0 |      46 |   0.0 |       0 |      18 |   0.0 |  1055
           D:2 |       0 |      40 |   0.0 |       0 |      13 |   0.0 |   175
               +---------+---------+-------+---------+---------+-------+---------
